Map: Cactus Valley LE (Void)

Players

Rugi - Winner!

  • Race: Zerg Zerg
  • League: Diamond
  • Spawn Location: 1:00

dallaskuken

  • Race: Protoss Protoss
  • League: Platinum
  • Spawn Location: 11:00

VOD

Have the link to the VOD?

Description

Time

  • Played on: March 11, 2017, 4:13 p.m.
  • Length: 10:00
Show
View Real Time Build Order
Export as new Build Order

Rugi Zerg - Winner!

Build Orders: Hatch First 

Get SALT Encoding   

  12  0:02  Drone  
  13  0:12  Overlord  
  13  0:18  Drone  
  14  0:30  Drone  
  14  0:31  Drone  
  14  0:34  Drone  
  17  0:52  Hatchery  
  17  0:55  Drone  
  17  0:58  Drone  
  17  1:01  Extractor  
  17  1:13  Spawning Pool  
  17  1:17  Drone  
  17  1:20  Drone  
  18  1:31  Overlord  
  18  1:39  Drone  
  19  1:55  Drone  
  20  2:03  Queen x2  
  20  2:04  Zergling x4  
  20  2:08  Metabolic Boost  
  26  2:13  Drone  
  26  2:15  Drone  
  28  2:22  Drone  
  29  2:26  Drone  
  30  2:33  Overlord  
  30  2:39  Queen  
  30  2:42  Queen  
  34  2:47  Overlord  
  34  2:48  Drone  
  34  2:51  Drone  
  36  2:54  Drone  
  37  3:10  Drone x2  
  38  3:15  Drone x3  
  38  3:16  Drone x2  
  38  3:17  Drone x2  
  44  3:24  Overlord  
  44  3:26  Drone, Extractor  
  44  3:32  Zergling x2  
  45  3:38  Pneumatized Carapace  
  45  3:41  Drone  
  46  3:42  Roach Warren  
  46  3:45  Zergling x2  
  46  3:46  Zergling x2  
  47  3:52  Drone x3  
  47  3:53  Drone  
  51  3:58  Hatchery  
  50  4:03  Drone x2  
  50  4:04  Drone  
  50  4:05  Spore Crawler  
  52  4:10  Spore Crawler  
  51  4:23  Extractor  
  50  4:29  Drone x3  
  50  4:30  Drone x4  
  50  4:31  Drone x2  
  59  4:46  Overlord x2  
  59  4:52  Overlord x4  
  57  4:59  Evolution Chamber  
  55  5:00  Lair  
  55  5:05  Drone x2  
  57  5:13  Roach x2  
  61  5:16  Extractor  
  61  5:17  Drone  
  61  5:20  Roach x3  
  67  5:25  Roach x3  
  73  5:33  Roach  
  73  5:43  Roach x3  
  73  5:47  Zerg Missile Weapons Level 1  
  79  5:55  Drone x5  
  79  5:56  Queen x2  
  88  5:57  Queen  
  88  5:59  Glial Reconstitution  
  88  6:00  Overlord  
  88  6:01  Roach x3  
  88  6:02  Roach  
  98  6:09  Overlord  
  98  6:11  Drone x2  
  98  6:14  Drone  
  98  6:16  Hydralisk Den  
  98  6:18  Drone  
  101  6:19  Baneling Nest  
  100  6:33  Hatchery  
  100  6:39  Roach  
  101  6:40  Overlord x2  
  101  6:41  Overlord  
  101  6:46  Muscular Augments  
  101  6:47  Overlord  
  101  6:48  Hydralisk x4  
  109  6:59  Drone x3  
  109  7:00  Extractor x2  
  110  7:06  Hydralisk x2  
  110  7:07  Hydralisk x3  
  120  7:13  Hydralisk  
  120  7:15  Overlord x3  
  122  7:16  Overlord  
  122  7:20  Drone  
  122  7:22  Drone  
  124  7:27  Drone x2  
  124  7:28  Drone  
  127  7:39  Hydralisk x3  
  133  7:44  Zerg Missile Weapons Level 2  
  133  7:45  Hydralisk  
  133  7:47  Drone x2  
  137  7:52  Hydralisk  
  137  7:53  Hydralisk  
  137  7:55  Overlord x4  
  141  7:59  Drone x6  
  147  8:10  Hydralisk  
  147  8:11  Hydralisk x4  
  155  8:24  Overseer, Evolution Chamber  
  154  8:28  Overlord  
  154  8:29  Infestation Pit, Overlord  
  153  8:35  Hydralisk x2  
  153  8:36  Hydralisk  
  153  8:37  Zergling x2  
  153  8:38  Zergling x16  
  168  8:44  Hydralisk x3  
  174  8:51  Overlord x4  
  174  9:06  Baneling x5  
  174  9:07  Baneling  
  173  9:22  Extractor  
  168  9:26  Extractor  
  164  9:32  Hydralisk x6  
  164  9:33  Hydralisk  
  175  9:42  Overlord x5  
Show
View Real Time Build Order
Export as new Build Order

dallaskuken Protoss 

Build Orders:  

Get SALT Encoding   

  12  0:01  Probe (Chrono Boost)  
  13  0:12  Probe (Chrono Boost)  
  14  0:22  Probe (Chrono Boost)  
  14  0:23  Pylon  
  15  0:41  Gateway, Probe (Chrono Boost)  
  16  0:51  Probe (Chrono Boost)  
  17  1:00  Pylon  
  17  1:02  Probe (Chrono Boost)  
  18  1:12  Probe (Chrono Boost)  
  19  1:28  Cybernetics Core  
  19  1:31  Assimilator, Probe (Chrono Boost)  
  19  1:32  Zealot  
  22  1:42  Probe (Chrono Boost)  
  23  1:53  Probe (Chrono Boost)  
  24  2:01  Zealot  
  24  2:04  Probe (Chrono Boost)  
  24  2:07  Assimilator  
  27  2:11  Warp Gate  
  27  2:14  Probe (Chrono Boost)  
  28  2:26  Probe (Chrono Boost)  
  28  2:40  Probe (Chrono Boost)  
  28  2:42  Stalker  
  31  2:55  Pylon  
  31  2:58  Gateway  
  31  3:00  Gateway  
  31  3:15  Probe (Chrono Boost)  
  32  3:24  Sentry  
  36  3:29  Mothership Core (Chrono Boost), Nexus  
  36  3:32  Pylon  
  36  3:45  Forge  
  37  3:49  Probe (Chrono Boost)  
  37  4:01  Probe (Chrono Boost)  
  38  4:09  Stargate  
  38  4:11  Gateway  
  38  4:17  Stalker x3  
  38  4:23  Probe (Chrono Boost)  
  45  4:34  Probe (Chrono Boost)  
  46  4:42  Probe (Chrono Boost)  
  46  4:45  Probe (Chrono Boost)  
  48  4:49  Stalker, Pylon  
  51  4:52  Probe (Chrono Boost)  
  51  4:55  Probe (Chrono Boost)  
  52  5:03  Probe (Chrono Boost)  
  52  5:06  Probe (Chrono Boost)  
  54  5:09  Sentry  
  55  5:56  Void Ray  
  57  6:00  Probe (Chrono Boost)  
  58  6:05  Assimilator  
  58  6:09  Assimilator  
  58  6:10  Probe (Chrono Boost)  
  59  6:14  Twilight Council  
  59  6:15  Stalker  
  59  6:16  Stalker  
  63  6:31  Probe (Chrono Boost)  
  64  6:33  Probe (Chrono Boost)  
  64  6:37  Stalker  
  67  6:41  Probe (Chrono Boost)  
  68  6:52  Probe (Chrono Boost)  
  69  7:00  Pylon  
  69  7:02  Pylon  
  69  7:13  Void Ray  
  69  7:21  Robotics Facility  
  73  7:26  Stalker  
  73  7:27  Stalker x2  
  79  7:38  Forge  
  79  7:41  Blink  
  79  7:44  Pylon  
  79  7:48  Pylon  
  79  7:50  Void Ray  
  83  8:23  Probe (Chrono Boost)  
  85  8:27  Observer, Void Ray  
  85  8:34  Probe (Chrono Boost)  
  90  8:35  Robotics Bay  
  90  8:44  Probe (Chrono Boost)  
  91  8:54  Zealot  
  91  8:55  Zealot x2  
  97  9:04  Void Ray  
  36  9:53  Sentry x3  
Tags
 
Add a new tag
Caveats
  • Supply blocks, unpowered buildings, or Contaminate may cause inaccurate times.
  • Supply counts are checked every 10 seconds.